Map: Daybreak LE (Void)

Players

Dionys

  • Race: Terran Terran
  • League: Diamond
  • Spawn Location: 7:00

Gorod - Winner!

  • Race: Zerg Zerg
  • League: Diamond
  • Spawn Location: 1:00

VOD

Have the link to the VOD?

Description

Time

  • Played on: Dec. 18, 2016, 3:25 p.m.
  • Length: 18:05
Show
View Real Time Build Order
Export as new Build Order

Dionys Terran 

Build Orders: Hellion Banshee, MMM Bio 

Get SALT Encoding   

  12  0:01  SCV  
  13  0:13  SCV  
  14  0:18  Supply Depot  
  14  0:25  SCV  
  15  0:36  Refinery  
  15  0:40  SCV  
  16  0:45  Barracks  
  16  0:52  SCV  
  17  1:04  SCV  
  18  1:16  SCV  
  19  1:31  Orbital Command  
  20  1:32  Reaper  
  20  1:46  Command Center  
  20  2:00  Factory  
  20  2:08  Supply Depot  
  20  2:13  Barracks Reactor  
  20  2:14  SCV  
  21  2:29  SCV  
  22  2:41  SCV  
  22  2:42  Refinery  
  22  3:00  Hellion  
  22  3:01  Starport, Hellion  
  22  3:03  Barracks Tech Lab  
  26  3:08  SCV  
  27  3:20  SCV  
  27  3:21  Orbital Command  
  27  3:22  Hellion x2  
  32  3:33  SCV  
  33  3:35  Supply Depot  
  33  3:45  SCV  
  33  3:46  Marine  
  35  3:49  SCV  
  35  3:51  Hellion  
  35  3:53  Hellion  
  40  3:57  SCV  
  41  4:04  Armory  
  41  4:06  Cloaking Field  
  41  4:13  Banshee  
  44  4:24  Marine  
  44  4:25  Hellion x2  
  44  4:30  SCV x2  
  51  4:42  SCV x2  
  53  4:47  Supply Depot  
  53  4:54  SCV  
  53  4:55  Terran Vehicle Weapons Level 1  
  54  5:02  Barracks Tech Lab  
  54  5:06  Supply Depot  
  54  5:08  Banshee, SCV  
  54  5:10  Barracks  
  54  5:11  Barracks  
  58  5:18  Hellion x2  
  62  5:22  Supply Depot  
  62  5:28  SCV x2  
  62  5:40  SCV x2  
  58  5:52  SCV  
  57  5:58  Stimpack  
  57  6:00  Hellion x2  
  57  6:02  Barracks Reactor, Barracks Tech Lab  
  61  6:09  Engineering Bay  
  61  6:12  Command Center, Engineering Bay  
  61  6:28  SCV x2  
  61  6:31  Refinery  
  63  6:33  Refinery  
  63  6:35  Supply Depot  
  63  6:38  Marauder  
  65  6:40  Combat Shields  
  65  6:41  Marine  
  65  6:42  Marine  
  48  7:32  SCV, Marine  
  48  7:33  Marine  
  48  7:34  SCV  
  48  7:35  Marine  
  45  7:40  Liberator  
  45  7:42  Siege Tank  
  45  7:43  Liberator  
  45  7:44  SCV  
  45  7:45  Marine  
  45  7:47  SCV  
  45  7:50  Marine  
  45  7:52  Marauder  
  46  8:01  Supply Depot  
  46  8:10  Concussive Shells  
  46  8:23  SCV x2  
  46  8:25  Marauder x2, Marine x2  
  54  8:32  Orbital Command  
  54  8:38  Terran Infantry Weapons Level 1  
  54  8:40  Terran Infantry Armor Level 1  
  54  8:49  SCV x2  
  54  8:50  Marine  
  54  8:51  Marine  
  54  8:52  Marine  
  59  8:58  Supply Depot  
  59  9:01  SCV x2  
  61  9:24  Marine x3  
  62  9:25  Marauder  
  66  9:35  Unknown  
  66  9:41  Marine  
  66  9:42  Marauder  
  69  9:48  SCV x2  
  69  9:50  Medivac x2  
  72  9:53  SCV  
  73  10:00  SCV x2  
  73  10:05  SCV  
  76  10:12  SCV x2  
  75  10:17  SCV  
  75  10:20  Marine  
  77  10:23  Marine  
  77  10:24  Marauder  
  77  10:31  Terran Vehicle Weapons Level 2, Supply Depot x2  
  77  10:33  Marine  
  77  10:34  SCV x2  
  81  10:38  Marine  
  81  10:41  Marine  
  79  10:45  Marauder  
  79  10:46  SCV x2  
  83  10:56  Orbital Command  
  83  10:58  SCV  
  83  11:03  Marauder, Marine  
  87  11:06  SCV  
  87  11:07  Supply Depot  
  87  11:10  Terran Infantry Weapons Level 2, Terran Infantry Armor Level 2, SCV  
  89  11:20  SCV  
  89  11:21  SCV  
  89  11:22  SCV  
  92  11:32  Marauder x2, SCV, Marine x2  
  99  11:34  SCV  
  99  11:39  Barracks  
  100  11:40  SCV, Barracks  
  100  11:41  Missile Turret  
  100  11:44  SCV  
  100  11:46  SCV  
  102  11:49  Marine  
  102  11:50  Marine  
  102  11:53  Marine  
  105  12:02  Unknown x3  
  98  12:22  Marine x2  
  91  12:23  Marauder, Marine  
  91  12:26  Orbital Command  
  82  12:40  Marine x2  
  82  12:41  Marauder  
  82  12:43  Marine x2  
  87  12:44  Marauder, Medivac x2  
  87  12:45  Siege Tank  
  96  12:58  Marine x2  
  97  13:00  Marine  
  97  13:01  Marine  
  97  13:04  Sensor Tower  
  100  13:16  Marine  
  101  13:21  Refinery  
  101  13:25  Supply Depot  
  101  13:28  Marauder, SCV, Marine x2, Siege Tank  
  101  13:29  Terran Infantry Weapons Level 3  
  101  13:32  Terran Infantry Armor Level 3  
  109  13:37  Refinery  
  109  13:46  Marine x2, Supply Depot  
  109  13:47  Marauder, SCV x3  
  116  13:49  Supply Depot  
  116  13:59  SCV  
  116  14:01  Supply Depot  
  117  14:07  Marine x4, Supply Depot  
  117  14:08  Marauder, SCV x2  
  125  14:10  Marine  
  126  14:20  SCV, Supply Depot  
  126  14:24  Supply Depot, Terran Vehicle Weapons Level 3  
  127  14:25  Marine  
  127  14:28  Marine, Siege Tank  
  127  14:29  Marauder x2, Barracks, Marine x2  
  138  14:31  Barracks  
  130  14:43  Marine  
  131  14:50  Marauder  
  131  14:51  Marauder  
  135  14:55  Marine x3  
  135  14:56  Bunker  
  138  15:01  Marine  
  138  15:03  SCV x2, Supply Depot  
  141  15:12  Supply Depot  
  141  15:14  Marine x3  
  141  15:20  Barracks Reactor  
  144  15:30  Supply Depot  
  144  15:33  Supply Depot  
  144  15:43  Command Center  
  117  16:03  Marauder, Marine x4  
  117  16:04  Marauder  
  108  16:12  Marine x2  
  108  16:13  Marine  
  111  16:25  Marauder x2  
  115  16:27  Marine x4  
  119  16:35  Barracks Tech Lab  
  119  16:36  Barracks Reactor  
  118  16:46  Marauder  
  59  17:02  Marauder, Marine x4  
  59  17:03  Marauder  
  59  17:49  Supply Depot  
Show
View Real Time Build Order
Export as new Build Order

Gorod Zerg - Winner!

Build Orders: Hatch First 

Get SALT Encoding   

  12  0:00  Drone  
  13  0:08  Drone  
  14  0:14  Drone, Extractor  
  15  0:40  Hatchery  
  14  0:45  Drone, Extractor  
  15  1:03  Spawning Pool  
  14  1:11  Drone, Extractor x2  
  14  1:12  Drone  
  16  1:27  Overlord  
  16  1:46  Drone x3  
  19  1:53  Queen, Drone  
  22  1:56  Queen  
  22  1:59  Drone  
  25  2:06  Overlord  
  25  2:10  Drone  
  25  2:13  Drone  
  27  2:18  Drone  
  28  2:24  Drone  
  28  2:29  Queen  
  31  2:41  Drone  
  31  2:42  Drone x2  
  34  2:44  Queen  
  36  2:51  Overlord  
  36  3:16  Drone x8  
  36  3:17  Drone  
  44  3:21  Overlord  
  44  3:29  Extractor  
  44  3:30  Drone x2, Extractor  
  44  3:32  Roach Warren  
  44  3:41  Drone  
  44  3:42  Drone  
  44  3:44  Drone  
  44  3:47  Overlord  
  46  3:49  Hatchery  
  46  3:51  Overlord  
  45  4:03  Drone x5  
  50  4:12  Roach x2  
  54  4:21  Roach  
  56  4:27  Evolution Chamber  
  56  4:28  Evolution Chamber  
  54  4:32  Lair  
  54  4:54  Drone x3, Extractor  
  54  4:56  Drone x2  
  54  4:57  Drone, Extractor  
  54  4:58  Drone x2, Overlord x3  
  60  5:08  Roach x4  
  68  5:15  Roach  
  68  5:18  Spore Crawler  
  68  5:19  Spore Crawler  
  68  5:28  Spore Crawler  
  68  5:34  Roach x3  
  68  5:35  Roach x5  
  75  6:00  Spore Crawler  
  75  6:03  Roach  
  75  6:04  Roach x5, Glial Reconstitution  
  86  6:07  Metabolic Boost  
  86  6:22  Zerg Missile Weapons Level 1  
  86  6:24  Zerg Ground Armor Level 1  
  88  6:32  Roach  
  88  6:33  Roach x2  
  82  7:23  Roach  
  82  7:24  Roach x4  
  70  7:38  Roach x8  
  80  8:03  Roach x5  
  86  8:17  Zerg Missile Weapons Level 2  
  86  8:18  Overseer  
  86  8:20  Overseer  
  86  8:24  Hatchery  
  85  8:35  Roach x2, Ravager x3  
  85  8:40  Overlord x7  
  92  8:41  Extractor  
  92  8:45  Extractor  
  90  8:50  Zergling x4  
  92  8:59  Drone  
  92  9:00  Drone x2  
  95  9:05  Drone  
  95  9:06  Drone x4  
  94  9:51  Zergling x2  
  94  9:52  Zergling x20  
  92  10:23  Drone x11  
  92  10:24  Drone  
  103  10:45  Spore Crawler  
  101  11:05  Ravager x7  
  101  11:06  Ravager x10  
  118  11:13  Drone x5  
  118  11:14  Drone  
  118  11:17  Drone x4  
  118  11:18  Drone  
  129  11:19  Drone x2  
  129  11:22  Hatchery, Zerg Ground Armor Level 2  
  129  11:23  Extractor  
  129  11:25  Extractor  
  128  11:26  Roach x3  
  128  11:31  Drone x3  
  128  11:32  Drone x2  
  140  11:40  Drone  
  140  12:03  Roach x6  
  126  12:28  Roach x5  
  126  12:29  Roach x11  
  151  12:40  Roach  
  151  12:41  Roach x3  
  151  12:42  Overlord x3  
  159  13:12  Ravager x10  
  169  13:13  Ravager x7  
  169  13:15  Ravager x3  
  169  13:16  Overlord x5  
  179  13:30  Ravager x3  
  182  13:57  Infestation Pit  
  180  14:11  Extractor  
  180  14:12  Hatchery  
  180  14:13  Extractor  
  177  14:23  Roach x5  
  177  14:24  Roach x3  
  193  14:54  Hive  
  193  15:09  Drone x2  
  193  15:10  Drone  
  193  15:11  Drone x3  
  199  15:33  Burrow, Tunneling Claws  
  166  16:02  Roach  
  166  16:03  Roach x14  
  178  16:16  Zergling x16  
  124  17:33  Zergling x2  
  124  17:34  Zergling x24  
  135  17:40  Baneling Nest  
Tags
 
Add a new tag
Caveats
  • Supply blocks, unpowered buildings, or Contaminate may cause inaccurate times.
  • Supply counts are checked every 10 seconds.